 Dungeon Crawl Stone Soup version 0.29.1-15-g9cfb28693d (webtiles) character file.

Game seed: 3086694215178992571

173 Heoruswealwe the Magician (level 5, -4/28 HPs)
             Began as a Deep Elf Earth Elementalist on Apr 10, 2023.
             Slain by Grinder (6 damage)
             ... on level 4 of the Dungeon.
             The game lasted 00:21:14 (2053 turns).

Heoruswealwe the Magician (DEEE)                    Turns: 2053, Time: 00:21:15

Health: -4/28      AC:  2    Str:  5    XL:     5   Next: 28%
Magic:  14/15      EV: 12    Int: 22    God:
Gold:   141        SH:  0    Dex: 15    Spells: 5/15 levels left

rFire   . . .      SeeInvis .   (no weapon)
rCold   . . .      Faith    .   (no shield)
rNeg    . . .      Spirit   .   a - +0 robe
rPois   .          Reflect  .   (no helmet)
rElec   .          Harm     .   (no cloak)
rCorr   .          Rampage  .   (no gloves)
Will    +....                   (no boots)
Stlth   ++........              (no amulet)
HPRegen 0.09/turn               n - ring of willpower
MPRegen 0.14/turn               (no ring)

@: no status effects
A: no striking features
a: no special abilities


You were on level 4 of the Dungeon.
You visited 1 branch of the dungeon, and saw 4 of its levels.

You collected 141 gold pieces.

Inventory:

Hand Weapons
 i - a +5 dagger of venom
Armour
 a - a +0 robe (worn)
 f - a +0 robe
 j - a +0 animal skin
 k - the +2 helmet "Jiext" {Harm Will+ Str-5 Int+4}
   (You took it off Robin on level 3 of the Dungeon)

   Str:       It affects your strength (-5).
   Int:       It affects your intelligence (+4).
   Harm:      It increases damage dealt and taken.
   Will:      It increases your willpower.
Jewellery
 n - a ring of willpower (left hand)
Scrolls
 d - a scroll of enchant armour
 e - a scroll of enchant weapon
 g - a scroll of immolation
 h - a scroll of fog {unknown}
 l - a scroll of torment {unknown}
 m - a scroll of vulnerability {unknown}
Potions
 b - a potion of magic
 c - a potion of degeneration {unknown}
 o - a potion of mutation {unknown}


   Skills:
 - Level 2.4 Dodging
 - Level 2.4 Stealth
 + Level 5.7 Spellcasting
 - Level 1.1 Transmutations
 + Level 5.2 Earth Magic


You had 5 spell levels left.
You knew the following spells:

 Your Spells              Type           Power      Damage    Failure   Level
a - Sandblast             Erth           58%        2d13      1%          1
b - Stone Arrow           Conj/Erth      34%        3d9       10%         3
c - Petrify               Tmut/Erth      20%        N/A       26%         4
z - Passwall              Tmut/Erth      16%        N/A       3%          2

Your spell library contained the following spells:

 Spells                   Type           Power      Damage    Failure   Level
 Slow                     Hex            24%        N/A       10%         1
 Static Discharge         Conj/Air       6%         3-4/arc   14%         2
 Ignite Poison            Fire/Tmut/Pois 7%         N/A       24%         3
 Confusing Touch          Hex            6%         N/A       28%         3
 Conjure Flame            Conj/Fire      6%         6-21      28%         3
 Portal Projectile        Hex/Tloc       12%        N/A       28%         3
 Tukima's Dance           Hex            6%         N/A       28%         3
 Vampiric Draining        Necr           6%         2d6       28%         3
 Sticky Flame             Conj/Fire      6%         2d3       67%         4
 Blade Hands              Tmut           5%         N/A       86%         5
 Lightning Bolt           Conj/Air       3%         1d14      95%         5
 Maxwell's Capacitive Co  Air            3%         ∞         100%        8


Dungeon Overview and Level Annotations

Branches:
Dungeon (4/15)             Temple (0/1) D:4

Altars:

Annotations:
D:4 Grinder


Message History

There is an escape hatch in the ceiling here.
Items here: )) ÷÷÷÷.
You feel very buoyant.
You fly up into the air.
Things that are here:
a +0 sling; a goblin skeleton You reach down and open the door.
Found an escape hatch in the floor.
There is an open door here.
There is an escape hatch in the floor here.
You fly downwards.
The hatch slams shut behind you.
You reach down and open the large door.
Found a robe.
There is a large open door here.
There is a large open door here.
You see here a +0 robe.
f - a +0 robe
Found a scroll labelled LYCLOL VAIGH and a gilded ring.
m - a scroll labelled LYCLOL VAIGH
Okay, then.
You are starting to lose your buoyancy.
Found a chain mail.
Found a red potion.
You float gracefully downwards.
Found 3 gold pieces.
n - a ring of willpower You see here a +0 chain mail.
n - a ring of willpower (left hand)
o - a red potion
Found a staircase to the Ecumenical Temple.
Grinder comes into view.
Grinder blinks!
Grinder moves out of view.
Grinder hits you.
You writhe in agony.
You see here 3 gold pieces.
The blast of sand hits Grinder!
Grinder is moderately wounded.
Grinder hits you!
You writhe in agony.
Grinder hits you!
* * * LOW HITPOINT WARNING * * *
You writhe in agony.
You die...

.#........# #.#...#...
..........### #.#...#.##
#..........###.#...#.##
#........#...#.#...#.#.
##.#....####...#.......
#.......#####..#.#.#.##
.#.#.#..........#.......
#........#####...##.#..#
..#.#.#@..#.[....##.#..#
#.....5.#...............
..#.>.#...#.......#.#..#
#.......#.........#.#..#
..#.#.#...#.......#.#...
#... ..#.#.......#.#..#
##. ..# #.......# # ..#
#######.# ..


You could see Grinder.

Vanquished Creatures
  An orc priest (D:3)
  Robin (D:3)
  3 adders
  5 dart slugs
  12 orcs (D:3)
  4 ball pythons
  7 bats
  3 endoplasms
  2 giant cockroaches (D:3)
  21 goblins
  4 hobgoblins
  3 jackals (D:3)
  5 kobolds
  3 quokkas
  2 frilled lizards
  3 rats
79 creatures vanquished.

Notes
Turn   | Place    | Note
-------+----------+-------------------------------------------
     0 | D:1      | Heoruswealwe the Deep Elf Earth Elementalist began the
                  | quest for the Orb.
     0 | D:1      | Reached XP level 1. HP: 10/10 MP: 6/6
   139 | D:1      | Reached XP level 2. HP: 15/15 MP: 4/8
   179 | D:1      | Learned a level 2 spell: Passwall
   504 | D:1      | Reached XP level 3. HP: 15/19 MP: 4/10
   508 | D:1      | Learned a level 3 spell: Stone Arrow
  1392 | D:3      | Reached XP level 4. HP: 20/24 MP: 6/12
  1400 | D:3      | Reached skill level 5 in Spellcasting
  1554 | D:3      | Learned a level 4 spell: Petrify
  1645 | D:3      | Reached skill level 5 in Earth Magic
  1649 | D:3      | Identified the +2 helmet "Jiext" {Harm Will+ Str-5 Int+4}
  1649 | D:3      | Noticed Robin
  1656 | D:3      | Killed Robin
  1657 | D:3      | Reached XP level 5. HP: 28/28 MP: 4/15
  2047 | D:4      | Found a staircase to the Ecumenical Temple.
  2049 | D:4      | Noticed Grinder
  2053 | D:4      | Slain by Grinder

Illustrated notes

Levels and vault maps discovered:
D:1:      saegor_arrival_simple_a, layout_loops_cross, nrook_mini_backslash
D:2:      layout_loops_ring, nicolae_kite_square_tiling_tiny,
          minmay_misc_feat_five, dreamdust_princess_corridor
D:3:      layout_loops_ring, vehumet_statue, mainiacjoe_overflow_24_doors,
          roderic_roman_lattice, minmay_goblin_outpost, uniq_robin
D:4:      layout_basic, kiku_gazebo_garden_becter,
          minmay_temple_entry_sparse_star, minmay_strange_pillars,
          kennysheep_generic_room_8, uniq_grinder

Skill      XL: |  1  2  3  4 |
---------------+-------------+-----
Spellcasting   | 4 5 |  5.7
Earth Magic    | 4 5 |  5.2
Dodging        | |  2.4
Stealth        | |  2.4
Transmutations | |  1.1

Action                   |  1- 3 |  4- 6 || total
-------------------------+-------+-------++-------
Melee: Unarmed           |     1 |       ||     1
 Cast: Sandblast         |    55 |    49 ||   104
       Passwall          |     1 |     3 ||     4
  Use: Scroll            |     5 |     1 ||     6
       Potion            |       |     1 ||     1
Armor: Robe              |     7 |     5 ||    12
Dodge: Dodged            |    12 |    18 ||    30
